← All builds
Suicide front / Legion / Quick factory / OBSERVED BUILD

Standard suicide front

Quick Bot Lab into Vehicle Plant to project force at middle early with Ballista, Satyr, Decurion and Lance, transitioning into Barrage artillery and an Advanced Metal Extractor as the game develops.

#rush #raid · 26 distinct matches · 14 players · 79% of Legion Suicide front games · team won 50% of 26 · Recently observed

HOW TO PLAY IT

Key timing: Legion Vehicle Plant by 1:01

  1. Take a single mex and rush the bot lab immediately.
  2. Finish the bot lab fast to start early Decurion or Ballista pushes.
  3. Get the vehicle plant up to widen unit options for the front.
  4. Contest the middle early and expect combat losses right away.
  5. Pick up T2 constructor once middle is stabilized to prep for T2 arrivals.

Phase by phase

TYPICAL OF ITS 26 GAMES
  1. 1
  2. 2
  3. 3
PLAY THE OPENING

Follow the example game's first 6:00 step by step: what to build now, what comes next, and where it goes. At 1× it keeps pace with your own game.

  1. 1

    Up to the Legion Bot Lab

    Economy
    • Metal Extractor1Mex
    Order
    1. Legion Bot LabLegion Bot Lab after 2 mexdone ~0:34, middle half 0:20–0:35

    By 0:17 in all: 1 mex

    The example game in this phase · 2 steps
    1. Mex ×2
    2. Legion Bot LabLegion Bot Labdone 0:34 · typical 0:34
  2. 2

    Legion Bot Lab to 5:00

    Economy
    • Metal Extractor5Mex
    • Wind Turbine7Wind
    Builders
    • Construction Turret1 Con turret
    • Legion Construction Bot3 Legion Construction Bot
    • Zagreus2 Zagreus
    Army
    • Pharos4 Pharos
    Other
    • Radar Tower1 Radar Tower

    Some games also: Ballista (42%) · Goblin (38%) · Satyr (38%) · Legion Construction Vehicle (35%) · Barrage (31%)

    By 5:00 in all: 6 mex · 8 wind · 1 con turret

    The example game in this phase · 31 steps
    1. ZagreusZagreus
    2. GoblinGoblin
    3. Mex
    4. ZagreusZagreus
    5. Legion Construction BotLegion Construction Bot
    6. Radar TowerRadar Tower
    7. GoblinGoblin ×3
    8. SatyrSatyr ×3
    9. Mex
    10. SatyrSatyr ×7
    11. PharosPharos
    12. Legion Construction BotLegion Construction Bot ×3
    13. BallistaBallista ×2
    14. Mex
    15. PharosPharos
    16. BallistaBallista
    17. PharosPharos
    18. BallistaBallista
    19. Mex
    20. Radar TowerRadar Tower
    21. BallistaBallista ×4
    22. PharosPharos
    23. BallistaBallista ×2
    24. Mex
    25. PhobosPhobos ×2
    26. BallistaBallista
    27. PhobosPhobos
    28. Wind
    29. SatyrSatyr
    30. PhobosPhobos ×2
    31. Wind
  3. 3

    5:00 to 10:00

    Economy
    • Metal Extractor2Mex
    • Wind Turbine17Wind
    • Energy Storage1Energy storage
    Builders
    • Construction Turret3 Con turret

    Some games also: Zagreus (46%) · Radar Tower (42%) · converter (38%) · Ballista (38%) · Pharos (35%)

    By 10:00 in all: 8 mex · 25 wind · 1 energy storage · 4 con turret

    The example game in this phase · 261 steps
    1. PhobosPhobos
    2. ZagreusZagreus
    3. Wind
    4. ZagreusZagreus
    5. PharosPharos
    6. PhobosPhobos
    7. BrambleBramble
    8. Wind
    9. PhobosPhobos ×2
    10. BrambleBramble
    11. Wind
    12. PhobosPhobos
    13. Legion Construction BotLegion Construction Bot
    14. Wind
    15. BrambleBramble
    16. Legion Construction BotLegion Construction Bot
    17. Wind
    18. BrambleBramble
    19. GoblinGoblin
    20. BrambleBramble
    21. GoblinGoblin
    22. Wind
    23. GoblinGoblin ×2
    24. BrambleBramble
    25. GoblinGoblin
    26. Wind
    27. GoblinGoblin ×2
    28. Mex
    29. GoblinGoblin ×2
    30. Radar TowerRadar Tower
    31. Wind
    32. GoblinGoblin
    33. ZagreusZagreus
    34. Wind
    35. ZagreusZagreus
    36. BrambleBramble
    37. GoblinGoblin
    38. Con turret
    39. Wind
    40. GoblinGoblin
    41. BrambleBramble
    42. GoblinGoblin ×2
    43. Wind
    44. GoblinGoblin
    45. Wind
    46. Energy storage
    47. GoblinGoblin ×2
    48. Mex
    49. Wind
    50. GoblinGoblin
    51. Mex
    52. GoblinGoblin
    53. Con turret
    54. PharosPharos
    55. GoblinGoblin
    56. Wind
    57. GoblinGoblin
    58. PharosPharos
    59. Wind
    60. Radar TowerRadar Tower
    61. Legion Construction BotLegion Construction Bot
    62. GoblinGoblin
    63. Legion Construction BotLegion Construction Bot
    64. Wind
    65. Con turret
    66. Legion Construction BotLegion Construction Bot
    67. Wind
    68. Mex
    69. GoblinGoblin ×2
    70. Radar TowerRadar Tower
    71. Legion Construction BotLegion Construction Bot
    72. Wind
    73. GoblinGoblin
    74. BrambleBramble
    75. Advanced Metal ExtractorT2 mexdone 9:59
    76. GoblinGoblin
    77. Wind
    78. Con turret
    79. GoblinGoblin
    80. Wind
    81. GoblinGoblin ×2
    82. Wind
    83. Con turret
    84. GoblinGoblin ×2
    85. Wind
    86. Advanced Metal ExtractorT2 mex
    87. GoblinGoblin
    88. Wind ×2
    89. Advanced Metal ExtractorT2 mex
    90. ZagreusZagreus
    91. Wind ×2
    92. ZagreusZagreus
    93. Wind ×3
    94. GoblinGoblin ×2
    95. Advanced Metal ExtractorT2 mex
    96. GoblinGoblin
    97. Wind ×2
    98. GoblinGoblin ×4
    99. Wind
    100. GoblinGoblin
    101. Wind
    102. GoblinGoblin
    103. Wind
    104. GoblinGoblin
    105. ZagreusZagreus ×2
    106. Wind
    107. Advanced Metal ExtractorT2 mex
    108. Legion Vehicle PlantLegion Vehicle Plantdone 11:12 · typical 1:01
    109. GoblinGoblin
    110. Wind ×2
    111. GoblinGoblin
    112. Energy storage
    113. GoblinGoblin
    114. PersecutorPersecutordone 12:04
    115. GoblinGoblin ×2
    116. Wind
    117. GoblinGoblin
    118. Wind
    119. GoblinGoblin
    120. AlarisAlaris
    121. Wind
    122. GoblinGoblin
    123. Wind
    124. AlarisAlaris
    125. PhobosPhobos
    126. Wind
    127. AlarisAlaris
    128. Wind ×2
    129. PhobosPhobos
    130. AlarisAlaris
    131. Wind
    132. PhobosPhobos
    133. AlarisAlaris
    134. Wind ×3
    135. AlarisAlaris
    136. Wind ×3
    137. Dragon's TeethDragon's Teeth
    138. PhobosPhobos
    139. Dragon's TeethDragon's Teeth
    140. Wind
    141. AlarisAlaris
    142. Dragon's TeethDragon's Teeth ×2
    143. PhobosPhobos
    144. Dragon's TeethDragon's Teeth
    145. AlarisAlaris
    146. Wind
    147. Dragon's TeethDragon's Teeth
    148. Wind
    149. Dragon's TeethDragon's Teeth ×3
    150. AlarisAlaris
    151. Dragon's TeethDragon's Teeth
    152. Advanced Metal ExtractorT2 mexfor Front
    153. PhobosPhobos
    154. Wind
    155. Dragon's TeethDragon's Teeth
    156. AlarisAlaris
    157. Dragon's TeethDragon's Teeth
    158. Wind
    159. PhobosPhobos
    160. Wind
    161. AlarisAlaris
    162. Wind ×2
    163. AlarisAlaris
    164. PhobosPhobos
    165. Wind
    166. AlarisAlaris
    167. Wind
    168. PhobosPhobos
    169. Wind ×2
    170. AlarisAlaris
    171. PhobosPhobos
    172. Wind
    173. AlarisAlaris
    174. Wind
    175. ZagreusZagreus
    176. Wind
    177. AlarisAlaris
    178. Wind
    179. ZagreusZagreus
    180. AlarisAlaris
    181. Wind
    182. AlarisAlaris
    183. Wind
    184. ZagreusZagreus
    185. Wind ×2
    186. AlarisAlaris
    187. Wind
    188. PhobosPhobos
    189. AlarisAlaris
    190. Wind
    191. AlarisAlaris
    192. Wind ×2
    193. PhobosPhobos
    194. AlarisAlaris
    195. Wind
    196. AlarisAlaris
    197. PhobosPhobos
    198. Wind ×2
    199. AlarisAlaris
    200. Con turret
    201. Wind
    202. AlarisAlaris
    203. PhobosPhobos
    204. Converter
    205. AlarisAlaris
    206. Wind
    207. PhobosPhobos
    208. Wind
    209. AlarisAlaris
    210. Converter
    211. AlarisAlaris
    212. PhobosPhobos
    213. AlarisAlaris
    214. Wind
    215. Converter
    216. AlarisAlaris
    217. Wind
    218. PhobosPhobos
    219. AlarisAlaris
    220. Converter
    221. AlarisAlaris
    222. PhobosPhobos
    223. AlarisAlaris
    224. Converter
    225. PhobosPhobos
    226. Wind
    227. AlarisAlaris
    228. Wind
    229. Converter
    230. AlarisAlaris
    231. PhobosPhobos
    232. AlarisAlaris
    233. Converter
    234. Wind
    235. AlarisAlaris
    236. ZagreusZagreus
    237. Wind
    238. AlarisAlaris
    239. Converter
    240. Vehicle PlantVehicle Plantdone 14:40
    241. AlarisAlaris
    242. PhobosPhobos
    243. Con turret
    244. Converter
    245. Wind
    246. IncisorIncisor
    247. PhobosPhobos
    248. Wind
    249. Converter
    250. IncisorIncisor
    251. AlarisAlaris
    252. Con turret
    253. PhobosPhobos
    254. IncisorIncisor
    255. Converter
    256. AlarisAlaris
    257. Con turret
    258. PhobosPhobos
    259. IncisorIncisor
    260. Wind
    261. Converter

Counts are medians over the build's games: half of them build more, half fewer. The example game is [Cookie]Maco's (52 OS, 23/09/2026); pick another.

Team trades

IN AT LEAST 30% OF ITS GAMES

You hand over

Nothing regular.

You get

  • Tidal Generator4 Tidal from Pondfirst at 0:11 · in 69% of games
  • Advanced Construction Bot1 T2 con bot from Geo or Techfirst at 7:31 · in 54% of games

How it plays out

Typical game of this build, running totals by minute

Metal produced

010k20k30k
0:005:0010:0015:00

metal

Enemy metal destroyed

05k10k
0:005:0010:0015:00

metal

Own metal lost

05k10k
0:005:0010:0015:00

metal

26 games.

Show as table
ByMetal produced: This buildEnemy metal destroyed: This buildOwn metal lost: This build
1:0024900
2:0087900
3:00204220360
4:003176484320
5:0042971154788
6:00526718041130
7:00619125412201
8:00749140053250
9:00877445374000
10:001049947444506
11:001232249825031
12:001458453036112
13:001742860647159
14:002039474937635
15:002406490817997
WHAT THE NUMBERS SAY

Suicide front trades heavily, destroying more enemy metal early than any other role shown but also losing the most, reflecting its all-in nature.

  • + Enemy metal destroyed hits 1253 by 5:00, far ahead of other roles at that mark.
  • + Metal produced by 5:00 reaches 4185, among the highest early figures.
  • − Own metal lost reaches 5320 by 10:00, the heaviest losses of any build shown.
  • − Team win rate is only 48%, despite the aggressive early trades.
THE EXAMPLE YOU ARE READING

[Cookie]Maco

52.4 OS · 23/09/2026

Open source match ↗

11 received units · includes a constructor
1380 metal received · 75169 energy received

Allied construction assistance is unknown. Timings are observations, not a promise of solo reproducibility.

Typical milestones

Legion Bot Lab0:34Middle 50%: 0:20–0:35 · n=17
Legion Vehicle Plant1:01Middle 50%: 0:36–6:33 · n=16
Advanced Metal Extractor8:45Middle 50%: 8:17–9:33 · n=13

Played most by

_X_8games of this build[crd]sisa4games of this build[Cookie]Maco2games of this buildyubiyubi2games of this buildBoozha1game of this build